[Event "Titled Tuesday Blitz June 21 Early 2022"]
[White "Wartiovaara, Oliver"]
[Black "Yaksin, Oleg"]
[WhiteFideId "513024"]
[BlackFideId "24105880"]
[WhiteElo "1971"]
[BlackElo "2256"]
[Result "0-1"]
[Round "02"]
[TimeControl "180+1"]
[Date "2022.06.22"]
[WhiteClock "0:01:33"]
[BlackClock "0:02:36"]

1. e4 c5 2. Nf3 d6 3. Nc3 Nc6 4. d4 cxd4 5. Nxd4 Nf6 6. Bg5 e6 7. Qd2 Be7 8. O-O-O Qb6 9. Nb3 O-O 10. f4 Rd8 11. g3 d5 12. exd5 Nxd5 13. Bg2 Ne3 0-1


[Site "https://www.chess.com"]

[Event "Titled Tuesday Blitz June 21 Early 2022"]
[White "Winkels, Marcel"]
[Black "Borgaonkar Akshay"]
[WhiteFideId "1003887"]
[BlackFideId "25639110"]
[WhiteElo "1900"]
[BlackElo "1660"]
[Result "0-1"]
[Round "02"]
[TimeControl "180+1"]
[Date "2022.06.22"]
[WhiteClock "0:00:01"]
[BlackClock "0:00:08"]

1. e4 c5 2. Nf3 e6 3. g3 Nc6 4. Bg2 d6 5. O-O Nge7 6. d4 cxd4 7. Nxd4 Nxd4 8. Qxd4 Nc6 9. Qd1 Be7 10. Nc3 a6 11. a4 O-O 12. Be3 Qc7 13. f4 Rd8 14. Qe2 Bf6 15. Rad1 Bd7 16. g4 Na5 17. g5 Be7 18. f5 Nc4 19. f6 Bf8 20. Bc1 Qc5+ 21. Kh1 Rac8 22. Qf3 Ne5 23. Qg3 b5 24. Be3 Qc7 25. axb5 axb5 26. Rf2 b4 27. Nb1 Bc6 28. Bd4 Qb7 29. Qf4 Ng6 30. Qf3 e5 31. Be3 Nh4 32. Qg4 Nxg2 33. Rxg2 Bxe4 34. Rd2 Bxg2+ 35. Rxg2 Rxc2 36. Nd2 Rc1+ 37. Bg1 Ra8 38. fxg7 Bxg7 39. Ne4 Raa1 40. h3 Qa7 41. Kh2 Rxg1 42. Qc8+ Bf8 43. Nf6+ Kg7 44. Qf5 Rh1+ 45. Kg3 Qe3+ 46. Kh4 Qf4+ 47. Qxf4 exf4 48. Rf2 h6 49. Rxf4 hxg5+ 50. Kxg5 Rag1+ 51. Kf5 Be7 52. Nh5+ Kh6 53. Nf6 Rg5+ 54. Ke4 Re5+ 55. Kd4 Bxf6 56. Rxf6+ Kg5 57. Rxd6 Rf5 58. Kc4 Rf4+ 59. Kc5 Rc1+ 60. Kb5 f5 61. Rd8 Rh4 62. Rg8+ Kf4 63. Kxb4 Rxh3 64. b3 Rb1 65. Kc4 Rbxb3 0-1


[Site "https://www.chess.com"]

[Event "Titled Tuesday Blitz June 21 Early 2022"]
[White "Xiong, Jeffery"]
[Black "Papasimakopoulos, Alexandros"]
[WhiteFideId "2047640"]
[BlackFideId "4244125"]
[WhiteElo "2714"]
[BlackElo "2340"]
[Result "0-1"]
[Round "02"]
[TimeControl "180+1"]
[Date "2022.06.21"]
[WhiteClock "0:00:01"]
[BlackClock "0:00:17"]

1. Nf3 f5 2. d3 d6 3. e4 g6 4. exf5 Bxf5 5. d4 Bg7 6. Bd3 Qd7 7. O-O Nf6 8. Re1 Nc6 9. Bxf5 Qxf5 10. c4 e5 11. d5 Nd8 12. Nc3 O-O 13. Be3 Qd7 14. h3 Nf7 15. Qb3 b6 16. Qb5 a6 17. Qxd7 Nxd7 18. Ne4 h6 19. Nfd2 Nf6 20. b4 a5 21. a3 h5 22. Nxf6+ Bxf6 23. Ne4 Be7 24. Bd2 axb4 25. axb4 Kg7 26. Nc3 Rfb8 27. Nb5 Bd8 28. Na7 Kf8 29. Nc6 Rxa1 30. Rxa1 Rc8 31. Ra7 Bg5 32. Bc3 Nd8 33. Kf1 Nxc6 34. dxc6 Ke7 35. Ke2 Ke6 36. Ra1 d5 37. cxd5+ Kxd5 38. b5 Kc4 39. Bxe5 Kxb5 40. f4 Be7 41. g4 hxg4 42. hxg4 Kxc6 43. Rh1 Bd6 44. Bxd6 cxd6 45. Rh6 Rg8 46. Kd3 Kc5 47. Rh7 b5 48. Rc7+ Kb6 49. Rf7 Kc6 50. Kd4 Rb8 51. Rf6 b4 52. Re6 b3 53. Re1 b2 54. Rb1 Rb4+ 55. Ke3 Kd7 56. Kd3 Rxf4 57. Rxb2 Rxg4 58. Ke3 Ke6 59. Kf3 Ra4 60. Rb8 g5 61. Rg8 g4+ 62. Kg3 Re4 63. Re8+ Kd5 64. Rd8 Kc5 65. Rc8+ Kd4 66. Rc1 d5 67. Rd1+ Ke5 68. Ra1 d4 69. Ra5+ Kd6 70. Rb5 d3 71. Rb3 Rd4 0-1


[Site "https://www.chess.com"]

[Event "Titled Tuesday Blitz June 21 Early 2022"]
[White "Xu, Yi"]
[Black "Krishnan, Varun"]
[WhiteFideId "8605564"]
[BlackFideId "5054508"]
[WhiteElo "2471"]
[BlackElo "2591"]
[Result "1-0"]
[Round "02"]
[TimeControl "180+1"]
[Date "2022.06.21"]
[WhiteClock "0:00:46"]
[BlackClock "0:00:01"]

1. e4 c5 2. Nf3 e6 3. d4 cxd4 4. Nxd4 Nc6 5. Nc3 Qc7 6. Be3 Nf6 7. Ndb5 Qb8 8. f4 a6 9. e5 axb5 10. exf6 b4 11. Nb5 gxf6 12. Bb6 Qxf4 13. Nc7+ Ke7 14. Nxa8 Qh4+ 15. Bf2 Qg5 16. Nb6 Qe5+ 17. Be2 Bh6 18. O-O Be3 19. Bf3 Nd4 20. Kh1 Bxf2 21. Rxf2 Qc5 22. Rd2 Nf5 23. Nxc8+ Rxc8 24. Rxd7+ Ke8 25. Rxb7 Kf8 26. Qd7 Nd6 27. Ra7 Kg7 28. Rd1 Qxc2 29. Qxd6 Qxb2 30. Rxf7+ Kxf7 31. Qd7+ Kg6 32. Qxc8 Qxa2 33. Qg8+ 1-0


[Site "https://www.chess.com"]

[Event "Titled Tuesday Blitz June 21 Early 2022"]
[White "Yang, Kaiqi"]
[Black "Kamsky, Gata"]
[WhiteFideId "8604398"]
[BlackFideId "2000024"]
[WhiteElo "2373"]
[BlackElo "2645"]
[Result "0-1"]
[Round "02"]
[TimeControl "180+1"]
[Date "2022.06.21"]
[WhiteClock "0:00:03"]
[BlackClock "0:01:12"]

1. d4 f5 2. Bg5 g6 3. Nc3 Bg7 4. e4 fxe4 5. Nxe4 d5 6. Nc3 Nh6 7. h3 Nf7 8. Bf4 c6 9. Nf3 Nd7 10. Be2 e5 11. dxe5 Ndxe5 12. O-O O-O 13. Bh2 Nxf3+ 14. Bxf3 Qb6 15. Rb1 Bf5 16. Bg4 Nh6 17. Bxf5 Nxf5 18. Ne2 Rae8 19. Qd3 Ne3 20. fxe3 Rxe3 21. Rxf8+ Bxf8 22. Bc7 Rxd3+ 23. Bxb6 Rd2 24. Bxa7 Rxe2 25. c3 Bd6 26. Bf2 Kf7 27. a4 h5 28. Kf1 Rc2 29. Be3 Kf6 30. b3 Kf5 31. Rc1 Rb2 32. b4 Bg3 33. a5 Ke4 34. Bd4 Kd3 35. Rd1+ Rd2 36. Rxd2+ Kxd2 37. Bf6 Kd3 38. Bg7 Bf4 39. Ke1 Bd2+ 40. Kd1 Bxc3 41. Bf8 Kc4 42. a6 bxa6 0-1


[Site "https://www.chess.com"]

[Event "Titled Tuesday Blitz June 21 Early 2022"]
[White "Yedidia, Daniel"]
[Black "Kobalia, Mikhail"]
[WhiteFideId "30905907"]
[BlackFideId "4119150"]
[WhiteElo "2576"]
[BlackElo "2808"]
[Result "1/2-1/2"]
[Round "02"]
[TimeControl "180+1"]
[Date "2022.06.22"]
[WhiteClock "0:00:03"]
[BlackClock "0:00:17"]

1. d4 d5 2. c4 c6 3. Nf3 Nf6 4. Nc3 e6 5. e3 a6 6. Bd3 dxc4 7. Bxc4 b5 8. Be2 c5 9. dxc5 Qxd1+ 10. Bxd1 Bxc5 11. O-O Bb7 12. b3 Nbd7 13. Bb2 O-O 14. Rc1 Rac8 15. Be2 Rfd8 16. Rfd1 h6 17. h3 Bb6 18. Nd4 Ne5 19. a4 b4 20. Na2 Rxc1 21. Nxc1 Ng6 22. Nc2 Rxd1+ 23. Bxd1 a5 24. Nd4 Ne4 25. Bf3 Ne5 26. Be2 Bd5 27. Nxe6 Nc3 28. Bxc3 bxc3 29. Nf4 Be4 30. Kf1 Bc5 31. Nfd3 Ba3 32. Nxe5 Bxc1 33. Bd3 Bd5 34. Nc4 Bxc4 35. bxc4 Ba3 36. Ke2 Kf8 37. Be4 Ke7 38. Kd3 Bb4 39. Bd5 f6 40. f4 Kd6 41. g4 Kc5 42. e4 Kd6 43. h4 g5 44. fxg5 fxg5 45. hxg5 hxg5 46. Bf7 Ke5 47. Bg6 Kf6 48. Bf5 Ke5 49. Bc8 Kf4 50. Bf5 Ke5 51. Bc8 Kf4 52. Bf5 Ke5 1/2-1/2


[Site "https://www.chess.com"]

[Event "Titled Tuesday Blitz June 21 Early 2022"]
[White "Yilmaz, Mustafa"]
[Black "Yen, William"]
[WhiteFideId "6302718"]
[BlackFideId "30932025"]
[WhiteElo "2568"]
[BlackElo "1905"]
[Result "1-0"]
[Round "02"]
[TimeControl "180+1"]
[Date "2022.06.22"]
[WhiteClock "0:00:11"]
[BlackClock "0:00:03"]

1. d4 Nf6 2. c4 g6 3. Nc3 d5 4. Qb3 dxc4 5. Qxc4 Bg7 6. e4 O-O 7. Bf4 Na6 8. Rd1 c5 9. e5 Nh5 10. Be3 cxd4 11. Bxd4 Be6 12. Qb5 Qb8 13. Nf3 Nc7 14. Qc5 Re8 15. h3 Nf4 16. g3 Nfd5 17. Ne4 b6 18. Qa3 Qb7 19. Bd3 a5 20. Neg5 Nb4 21. O-O h6 22. Be4 Bd5 23. Bxd5 Ncxd5 24. Ne4 Rac8 25. Qb3 Qd7 26. Kg2 Nc6 27. Rfe1 Nxd4 28. Rxd4 e6 29. Nd6 Qc7 30. Nxe8 Rxe8 31. Qc4 Qb8 32. h4 Rc8 33. Qe2 Kh7 34. a3 Rc5 35. Qd3 Qc7 36. h5 Ne7 37. Rd7 Qc6 38. Rxe7 1-0


[Site "https://www.chess.com"]

[Event "Titled Tuesday Blitz June 21 Early 2022"]
[White "Yuan, Qingyu"]
[Black "Urquhart, Ed"]
[WhiteFideId "8609772"]
[BlackFideId "2603748"]
[WhiteElo "2359"]
[BlackElo "2184"]
[Result "1/2-1/2"]
[Round "02"]
[TimeControl "180+1"]
[Date "2022.06.22"]
[WhiteClock "0:00:15"]
[BlackClock "0:00:09"]

1. e4 c5 2. Nf3 e6 3. b3 d5 4. Bb5+ Bd7 5. Bxd7+ Qxd7 6. exd5 Qxd5 7. Nc3 Qh5 8. Qe2 a6 9. Bb2 Nc6 10. Ne4 Qg6 11. O-O-O Nf6 12. Nxf6+ gxf6 13. d4 cxd4 14. Nxd4 Nxd4 15. Bxd4 Ba3+ 16. Kb1 Rc8 17. Rd3 Be7 18. Rg3 Qf5 19. Rd1 h5 20. Rdd3 h4 21. Rg4 Rd8 22. h3 Qb5 23. Kb2 e5 24. Bc3 Rxd3 25. cxd3 Qd5 26. Qe4 Qxe4 27. dxe4 Kd7 28. Kc2 Ke6 29. f3 f5 30. exf5+ Kxf5 31. Kd3 Rd8+ 32. Ke2 b5 33. Be1 Rc8 34. Kd3 Rd8+ 35. Kc2 Rc8+ 36. Kb2 Rh8 37. Bf2 Rh6 38. Kc2 Rc6+ 39. Kd3 Rd6+ 40. Kc2 Rc6+ 41. Kb2 Rh6 42. Be3 Rg6 43. Kc2 Rxg4 44. hxg4+ Ke6 45. Kd3 Kd5 46. Bf2 Bg5 47. Bg1 Bf6 48. Be3 Be7 49. Bd2 Bf6 50. Bc3 Be7 51. Be1 Bf6 52. Bd2 Be7 53. Be3 Bf6 54. Bc1 Be7 55. Bb2 Bf6 56. Bc3 Be7 57. Be1 Bf6 58. Bb4 Bg5 59. Ba5 Bf6 60. Bc7 Bg5 61. Bb8 Bf4 62. Ba7 Bg3 63. Be3 Be1 64. Bg5 Bg3 65. Bf6 Ke6 66. Bd8 Kd5 67. Bg5 Bf2 68. Bf6 Bg3 69. Bd8 Bf2 70. Bc7 Bg3 71. Bb6 Kc6 72. Be3 Kd5 73. Bd2 Bf2 74. Ke2 Bg3 75. Kd3 Bf2 76. Bg5 Bg3 77. Be7 Ke6 78. Bc5 Kd5 79. Be3 Be1 80. Bg1 Bg3 81. Bb6 Be1 82. a3 Bg3 83. Ba5 Bf2 84. Bd2 Bg3 85. Be3 Be1 86. a4 bxa4 87. bxa4 Bg3 88. Bb6 Be1 89. Ba7 Bg3 90. Be3 Be1 91. Bb6 Bg3 92. Ba5 Bf2 93. Bd2 Bg3 94. Bc3 Bf2 95. Bb4 Bg3 96. Be7 Bf2 97. Bd8 Bg3 98. Bb6 Be1 99. Be3 Bg3 100. Bd2 Bf2 101. Bc3 Bg3 102. Bb4 Bf2 103. Ba5 Bg3 104. Bd2 Bf2 105. Bg5 Bg3 106. Be3 Be1 107. Bg1 Bg3 108. Bb6 1/2-1/2


[Site "https://www.chess.com"]

[Event "Titled Tuesday Blitz June 21 Early 2022"]
[White "Yurovskykh, Oleksandr"]
[Black "Puranik, Abhimanyu"]
[WhiteFideId "14134020"]
[BlackFideId "5061245"]
[WhiteElo "2568"]
[BlackElo "2784"]
[Result "0-1"]
[Round "02"]
[TimeControl "180+1"]
[Date "2022.06.22"]
[WhiteClock "0:00:02"]
[BlackClock "0:00:02"]

1. d4 Nf6 2. Nf3 b6 3. Bg5 Bb7 4. Bxf6 exf6 5. e3 f5 6. g3 g6 7. Bg2 Bg7 8. c4 d6 9. Nc3 O-O 10. O-O Nd7 11. Ne1 Bxg2 12. Kxg2 Re8 13. Nc2 h5 14. b4 Nf6 15. b5 h4 16. Nb4 Ng4 17. Qf3 Qg5 18. Ncd5 Re4 19. Nc6 Rae8 20. Rae1 h3+ 21. Kg1 Nf6 22. Nxc7 Rc8 23. Nd5 Nxd5 24. cxd5 Rce8 25. Kh1 Bf6 26. Rc1 Kg7 27. a4 f4 28. gxf4 Qxd5 29. Rg1 Qa2 30. Ra1 Qe6 31. f5 Qd5 32. fxg6 fxg6 33. Rg4 Qh5 34. Rag1 Rxg4 35. Qxg4 Qd5+ 36. f3 g5 37. e4 Qb3 38. Qd7+ Kf8 39. Qf5 Kg7 40. Qd7+ Kf8 41. Qxd6+ Kg7 42. Qd7+ Kf8 43. Qf5 Kg7 44. e5 Bd8 45. Qd7+ Re7 46. Qg4 Rf7 47. Nxd8 Rxf3 48. Qxg5+ Kf8 49. Qg7+ Ke8 50. Ne6 Rf1 51. Qh8+ Kd7 52. Rxf1 Qd5+ 53. Kg1 Qg2# 0-1


[Site "https://www.chess.com"]

[Event "Titled Tuesday Blitz June 21 Early 2022"]
[White "Zaksaite, Salomeja"]
[Black "Mortazavi, Ali"]
[WhiteFideId "12801496"]
[BlackFideId "401323"]
[WhiteElo "1953"]
[BlackElo "2339"]
[Result "0-1"]
[Round "02"]
[TimeControl "180+1"]
[Date "2022.06.22"]
[WhiteClock "0:00:01"]
[BlackClock "0:00:11"]

1. e4 c6 2. d4 d5 3. exd5 cxd5 4. Bd3 Nc6 5. c3 Qc7 6. h3 g6 7. Nf3 Nf6 8. O-O Bf5 9. Be2 Bg7 10. Nbd2 O-O 11. Re1 Rfe8 12. Nf1 Ne4 13. Be3 a6 14. N1d2 Rad8 15. Nxe4 dxe4 16. Nd2 e5 17. dxe5 Nxe5 18. Qb3 Nd3 19. Bb6 Qc8 20. Bxd8 Nxe1 21. Bg5 Nd3 22. Nf1 h6 23. Be3 Rd8 24. Rd1 Be6 25. Qc2 Kh7 26. Ng3 f5 27. Bxd3 exd3 28. Rxd3 Rxd3 29. Qxd3 Bxa2 30. Bd4 Qd7 31. Ne2 Bf8 32. Qe3 Qe6 33. Qxe6 Bxe6 34. f4 Bd5 35. Kf2 Kg8 36. g3 Kf7 37. Ke3 Ke6 38. Be5 Bg2 39. h4 Kd5 40. Nd4 Bc5 41. Kd3 Be4+ 42. Ke3 b5 43. Bg7 h5 44. b4 Bb6 45. Be5 Kc4 46. Kd2 a5 47. bxa5 Bxa5 48. Ne6 Bd5 49. Nf8 Bf7 50. Nd7 Kd5 51. Nf8 Ke4 0-1


[Site "https://www.chess.com"]

[Event "Titled Tuesday Blitz June 21 Early 2022"]
[White "Ziatdinov, Raset"]
[Black "Silvestre, Christian"]
[WhiteFideId "2015323"]
[BlackFideId "30956269"]
[WhiteElo "2220"]
[BlackElo "2453"]
[Result "1-0"]
[Round "02"]
[TimeControl "180+1"]
[Date "2022.06.22"]
[WhiteClock "0:01:30"]
[BlackClock "0:00:15"]

1. d4 Nf6 2. Nc3 g6 3. Bf4 Bg7 4. Qd2 d6 5. h4 h6 6. f3 a6 7. a4 c6 8. e4 Qa5 9. Rb1 e5 10. dxe5 dxe5 11. b4 Qc7 12. Bh2 O-O 13. Bc4 Rd8 14. Qe3 b5 15. Bb3 Nbd7 16. Nge2 Nf8 17. O-O Be6 18. axb5 axb5 19. Bxe6 Nxe6 20. Ra1 Rxa1 21. Rxa1 Nd4 22. Nxd4 exd4 23. Bxc7 Rd7 24. Qf4 dxc3 25. Ra8+ Kh7 26. Be5 Nh5 27. Qh2 Rd1+ 28. Kf2 Rd2+ 29. Ke3 Rxc2 30. Bxg7 Nxg7 31. Qb8 g5 32. Qh8+ Kg6 33. Rg8 Rxg2 34. Qxg7+ Kh5 35. Qxf7+ Kxh4 36. Rh8 Kg3 37. Qc7+ 1-0


[Site "https://www.chess.com"]

[Event "Titled Tuesday Blitz June 21 Early 2022"]
[White "parintele_chess"]
[Black "Reprintsev, Alexander"]
[BlackFideId "14100541"]
[WhiteElo "2263"]
[BlackElo "2108"]
[Result "0-1"]
[Round "02"]
[TimeControl "180+1"]
[Date "2022.06.22"]
[WhiteClock "0:00:46"]
[BlackClock "0:01:41"]

1. d4 d5 2. c4 e5 3. dxe5 d4 4. Nf3 Nc6 5. g3 Nge7 6. Bg2 Ng6 7. O-O Ngxe5 8. Nbd2 Nxf3+ 9. Nxf3 Be7 10. b3 O-O 11. Bb2 Bf6 12. Qd3 Nb4 13. Qb1 c5 14. a3 Nc6 15. Rd1 Qe7 16. Qd3 Re8 17. Re1 g6 18. Rad1 Bf5 19. Qd2 Rad8 20. h4 Be4 21. Ng5 Bxg2 22. Kxg2 Bxg5 23. hxg5 Qe4+ 24. f3 Qe3 25. Qd3 Qxg5 26. Bc1 Qf5 27. Qxf5 gxf5 28. e4 fxe4 29. Rxe4 Rxe4 30. fxe4 Re8 31. Kf3 Ne5+ 32. Kf4 Ng6+ 33. Kf3 Kg7 34. Bf4 Re6 35. b4 b6 36. bxc5 bxc5 37. Rb1 Ra6 38. Rb3 Ra4 39. Bb8 Rxc4 40. Bxa7 Ne5+ 41. Kf4 Nc6 42. Bb8 Rc3 43. Rb6 Nxb8 44. Rxb8 Rxa3 45. Rc8 Rc3 46. g4 d3 47. Kf5 d2 48. Rd8 Rf3+ 49. Kg5 Rf2 50. e5 c4 0-1


[Site "https://www.chess.com"]

[Event "Titled Tuesday Blitz June 21 Early 2022"]
[White "Amburgy, Ryan"]
[Black "Mortazavi, Ali"]
[WhiteFideId "30924820"]
[BlackFideId "401323"]
[WhiteElo "2066"]
[BlackElo "2339"]
[Result "0-1"]
[Round "03"]
[TimeControl "180+1"]
[Date "2022.06.22"]
[WhiteClock "0:00:18"]
[BlackClock "0:00:09"]

1. Nf3 Nf6 2. c4 g6 3. Nc3 Bg7 4. e4 d6 5. d4 O-O 6. Be2 Bg4 7. Be3 Nbd7 8. O-O e5 9. d5 a5 10. Nd2 Bxe2 11. Qxe2 Nh5 12. g3 b6 13. f4 exf4 14. gxf4 f5 15. Rae1 Qf6 16. Qf2 Rae8 17. Nb5 Qd8 18. Bd4 Nc5 19. Bxg7 Nxg7 20. Qd4 fxe4 21. Nxe4 Nf5 22. Nf6+ Rxf6 23. Rxe8+ Qxe8 24. Qxf6 Qe3+ 25. Kh1 Qe2 26. Kg1 Qe3+ 27. Kh1 Qe4+ 28. Kg1 Nd3 29. Qd8+ Kg7 30. Nxc7 Qe3+ 31. Kh1 Qe4+ 32. Kg1 Qd4+ 33. Kh1 Nf2+ 34. Rxf2 Qd1+ 35. Kg2 Qg4+ 36. Kf1 Ne3+ 0-1


[Site "https://www.chess.com"]

[Event "Titled Tuesday Blitz June 21 Early 2022"]
[White "Andreikin, Dmitry"]
[Black "Bharath Subramaniyam H"]
[WhiteFideId "4158814"]
[BlackFideId "46634827"]
[WhiteElo "2736"]
[BlackElo "2242"]
[Result "1-0"]
[Round "03"]
[TimeControl "180+1"]
[Date "2022.06.21"]
[WhiteClock "0:00:37"]
[BlackClock "0:00:03"]

1. d4 d5 2. c4 e6 3. Nf3 Nf6 4. Bg5 Be7 5. e3 h6 6. Bh4 O-O 7. Qc2 Nbd7 8. Nc3 c6 9. Rd1 a6 10. a3 Re8 11. Be2 dxc4 12. Bxc4 b5 13. Ba2 Bb7 14. O-O Qb6 15. b4 a5 16. Qb2 axb4 17. axb4 Qa7 18. Rb1 Qa3 19. Rfc1 Nb6 20. Ne5 Bf8 21. Qc2 Nfd5 22. Rb3 Qa6 23. Bb1 f5 24. e4 Nxb4 25. Rxb4 Bxb4 26. exf5 exf5 27. Qxf5 Rxe5 28. dxe5 Qa3 29. Ne2 Qb2 30. Qh7+ Kf8 31. Bg6 Qb3 32. Bh5 Bc8 33. Nd4 Qg8 34. Qg6 Bd7 35. e6 1-0


[Site "https://www.chess.com"]

[Event "Titled Tuesday Blitz June 21 Early 2022"]
[White "Arabidze, Meri"]
[Black "Jakubowska, Anna"]
[WhiteFideId "13604040"]
[BlackFideId "1121952"]
[WhiteElo "2335"]
[BlackElo "1878"]
[Result "1-0"]
[Round "03"]
[TimeControl "180+1"]
[Date "2022.06.22"]
[WhiteClock "0:00:06"]
[BlackClock "0:00:02"]

1. Nf3 d5 2. b3 Nf6 3. Bb2 c6 4. c4 e6 5. e3 Bd6 6. Be2 O-O 7. Nc3 Nbd7 8. O-O Qe7 9. Rc1 a6 10. d4 dxc4 11. bxc4 e5 12. h3 Re8 13. d5 c5 14. e4 Nf8 15. Ne1 Ng6 16. Nd3 Bd7 17. a4 Reb8 18. Rb1 Nf4 19. Nxf4 exf4 20. Bf3 Re8 21. Re1 h6 22. Na2 Be5 23. Nc1 Rab8 24. Nd3 Bxb2 25. Rxb2 g5 26. e5 Nh7 27. Be4 f5 28. Bf3 Red8 29. Qa1 g4 30. Bd1 Qg5 31. h4 Qxh4 32. Nxf4 g3 33. fxg3 Qxg3 34. Rf2 Ng5 35. e6 Be8 36. Qf6 Ne4 37. Rxe4 fxe4 38. Nh3 Bg6 39. e7 Re8 40. Nf4 e3 41. Rf1 Bf7 42. d6 Qg7 43. Qxg7+ Kxg7 44. Be2 b5 45. axb5 axb5 46. cxb5 c4 47. Rc1 1-0


[Site "https://www.chess.com"]

[Event "Titled Tuesday Blitz June 21 Early 2022"]
[White "Artemenko, Oleg"]
[Black "Buscar, Michael"]
[WhiteFideId "14201798"]
[BlackFideId "2603616"]
[WhiteElo "2287"]
[BlackElo "2010"]
[Result "1-0"]
[Round "03"]
[TimeControl "180+1"]
[Date "2022.06.22"]
[WhiteClock "0:00:21"]
[BlackClock "0:00:05"]

1. e4 c5 2. Nf3 Nc6 3. Bb5 Nf6 4. e5 Nd5 5. O-O g6 6. c3 Bg7 7. Re1 O-O 8. d4 cxd4 9. cxd4 Nc7 10. Ba4 d5 11. h3 b5 12. Bc2 a5 13. Nc3 Ba6 14. Ne2 Ne6 15. Nf4 Nxf4 16. Bxf4 Rc8 17. Qd2 Qb6 18. Rad1 b4 19. Bb1 a4 20. Bh6 b3 21. Bxg7 Kxg7 22. a3 Na5 23. Qg5 Rc7 24. Nh4 Bc8 25. f4 Rc2 26. f5 f6 27. exf6+ exf6 28. Re7+ Rf7 29. Rxf7+ Kxf7 30. fxg6+ hxg6 31. Qxg6+ Kf8 32. Bxc2 bxc2 33. Qxc2 Nc4 34. Qh7 Qe6 35. Rf1 Ne3 36. Ng6+ Ke8 37. Re1 Qe4 38. Qe7+ Qxe7 39. Nxe7 Kxe7 40. Rxe3+ Kd6 41. g4 Bd7 42. Kf2 Bc6 43. Kg3 Bd7 44. Kf4 1-0


[Site "https://www.chess.com"]

[Event "Titled Tuesday Blitz June 21 Early 2022"]
[White "Aslanov, Umid"]
[Black "Costachi, Mihnea"]
[WhiteFideId "13412620"]
[BlackFideId "1217518"]
[WhiteElo "1796"]
[BlackElo "2476"]
[Result "0-1"]
[Round "03"]
[TimeControl "180+1"]
[Date "2022.06.21"]
[WhiteClock "0:00:02"]
[BlackClock "0:01:14"]

1. e4 e5 2. Nf3 Nc6 3. Bc4 Bc5 4. d3 Nf6 5. O-O h6 6. c3 d6 7. Nbd2 a6 8. Bb3 Ba7 9. Bc2 O-O 10. h3 Ne7 11. Re1 Ng6 12. Nf1 Nh5 13. d4 Qf6 14. Nxe5 dxe5 15. Qxh5 exd4 16. cxd4 Bxd4 17. Qe2 Nf4 18. Bxf4 Qxf4 19. Bd3 c5 20. g3 Qe5 21. Kg2 Qe6 22. g4 b5 23. f4 c4 24. Bb1 Bb7 25. Ng3 Rad8 26. Kh2 Rfe8 27. e5 c3 28. Bf5 Qb6 29. g5 cxb2 30. Rab1 Bc3 31. Red1 hxg5 32. Nh5 gxf4 33. Bd3 Rxe5 34. Bh7+ Kxh7 35. Qc2+ Kh6 36. Rxd8 Qxd8 37. Qxc3 Re2+ 38. Kg1 Qb6+ 39. Kf1 Qf2# 0-1


[Site "https://www.chess.com"]

[Event "Titled Tuesday Blitz June 21 Early 2022"]
[White "Avazkhonov, Alikhon"]
[Black "Aradhya, Garg"]
[WhiteFideId "14208504"]
[BlackFideId "25006746"]
[WhiteElo "1739"]
[BlackElo "2203"]
[Result "0-1"]
[Round "03"]
[TimeControl "180+1"]
[Date "2022.06.22"]
[WhiteClock "0:00:20"]
[BlackClock "0:01:07"]

1. d4 d5 2. c4 c6 3. cxd5 cxd5 4. Nc3 Nf6 5. Bf4 Nc6 6. e3 Bf5 7. h3 e6 8. Nf3 Bd6 9. Ne5 O-O 10. Bd3 Bxd3 11. Nxd3 Rc8 12. O-O a6 13. Rc1 Nb4 14. Nxb4 Bxb4 15. Qb3 Bxc3 16. Rxc3 Ne4 17. Rxc8 Qxc8 18. Qd3 Qc4 19. Qxc4 dxc4 20. f3 Nf6 21. e4 b5 22. a3 Nd7 23. Rd1 Nb6 24. Bc7 Na4 25. Rd2 f5 26. d5 fxe4 27. fxe4 exd5 28. exd5 Nc5 29. d6 Nd7 30. Re2 h6 31. Re7 Rf7 32. Re8+ Rf8 33. Re7 Rf7 34. Re8+ Rf8 35. Rxf8+ Kxf8 36. Kf2 Kf7 37. Ke3 Ke6 38. Kd4 Ne5 39. Kc5 Kd7 40. Kb6 Nd3 41. Kxa6 Nxb2 42. Kxb5 c3 43. Ba5 c2 44. Bd2 Kxd6 45. Kb6 Nc4+ 0-1


[Site "https://www.chess.com"]

[Event "Titled Tuesday Blitz June 21 Early 2022"]
[White "Baches Garcia, Guillermo"]
[Black "Khan, Taffin"]
[WhiteFideId "2209764"]
[BlackFideId "19700024"]
[WhiteElo "2446"]
[BlackElo "2117"]
[Result "1-0"]
[Round "03"]
[TimeControl "180+1"]
[Date "2022.06.22"]
[WhiteClock "0:00:34"]
[BlackClock "0:00:01"]

1. e4 c5 2. Nf3 e6 3. c4 Nc6 4. d4 cxd4 5. Nxd4 a6 6. Nc3 Nf6 7. Nxc6 dxc6 8. Qxd8+ Kxd8 9. e5 Nd7 10. Bf4 Bc5 11. Ne4 Bb4+ 12. Ke2 Ke7 13. Rd1 f5 14. Nd6 Bxd6 15. exd6+ Kf7 16. h4 e5 17. Bd2 Nf6 18. c5 Be6 19. Bc3 e4 20. b3 Nd5 21. Be5 Rhd8 22. f3 exf3+ 23. Kxf3 b6 24. Rc1 b5 25. Bd3 a5 26. a3 a4 27. b4 Rd7 28. h5 1-0


[Site "https://www.chess.com"]

[Event "Titled Tuesday Blitz June 21 Early 2022"]
[White "Bachmann, Axel"]
[Black "Oparin, Grigoriy"]
[WhiteFideId "3700488"]
[BlackFideId "24125890"]
[WhiteElo "2587"]
[BlackElo "2639"]
[Result "0-1"]
[Round "03"]
[TimeControl "180+1"]
[Date "2022.06.21"]
[WhiteClock "0:00:04"]
[BlackClock "0:00:15"]

1. e4 c5 2. Nf3 d6 3. c3 Nf6 4. h3 Bd7 5. Bd3 Nc6 6. O-O e6 7. Bc2 Be7 8. d4 cxd4 9. cxd4 Nb4 10. Nc3 Nxc2 11. Qxc2 O-O 12. Bg5 h6 13. Bh4 Rc8 14. Qb3 Bc6 15. Rfe1 Re8 16. Rad1 d5 17. e5 Ne4 18. Bxe7 Rxe7 19. Re3 Qa5 20. Rde1 Rec7 21. Qd1 Nxc3 22. Rxc3 Qxa2 23. Qd2 Qa5 24. Rec1 Qb6 25. Qc2 a5 26. Rc5 a4 27. Ne1 Ra8 28. Qc3 Qa7 29. Nd3 a3 30. b4 Re7 31. Ra5 Qb8 32. b5 Be8 33. Qxa3 Rxa5 34. Qxe7 Bxb5 35. Nf4 Bc4 36. Rc3 b5 37. Rg3 Qf8 38. Qc7 Ra3 39. f3 Bd3 40. Qb7 b4 41. Nh5 Bg6 42. Nf4 Kh7 43. Rxg6 fxg6 44. Nxe6 Qg8 45. Qe7 Ra8 46. Nc5 Rb8 0-1


[Site "https://www.chess.com"]

[Event "Titled Tuesday Blitz June 21 Early 2022"]
[White "Barbashin, Igor"]
[Black "Parkhov, Yair"]
[WhiteFideId "4155718"]
[BlackFideId "2813408"]
[WhiteElo "2138"]
[BlackElo "2206"]
[Result "0-1"]
[Round "03"]
[TimeControl "180+1"]
[Date "2022.06.22"]
[WhiteClock "0:00:31"]
[BlackClock "0:00:17"]

1. d4 Nf6 2. c4 g6 3. Nf3 Bg7 4. Nc3 O-O 5. e4 d6 6. Be2 e5 7. O-O Nc6 8. dxe5 Nxe5 9. Nd4 Re8 10. f3 c6 11. Bg5 h6 12. Bh4 g5 13. Bg3 Nh5 14. Bf2 Nf4 15. b3 Qf6 16. Rc1 Bd7 17. Re1 Rad8 18. Bf1 h5 19. Nce2 c5 20. Nxf4 gxf4 21. Ne2 h4 22. h3 Qg5 23. Kh1 f5 24. Nc3 Nc6 25. Qxd6 Bxc3 26. Rxc3 fxe4 27. Rxe4 Rxe4 28. fxe4 Bxh3 29. Qxc5 Qxc5 30. Bxc5 Rd1 31. Kg1 Bg4 32. Kf2 Ne5 33. Bxa7 Bh5 34. Rc2 Ng4+ 35. Kg1 Ne3 36. Bxe3 fxe3 37. g4 hxg3 38. Kg2 Rd2+ 39. Rxd2 exd2 0-1


[Site "https://www.chess.com"]

[Event "Titled Tuesday Blitz June 21 Early 2022"]
[White "Bethke, Richard"]
[Black "Tisaj, Domen"]
[WhiteFideId "12959243"]
[BlackFideId "14628708"]
[WhiteElo "2512"]
[BlackElo "2326"]
[Result "0-1"]
[Round "03"]
[TimeControl "180+1"]
[Date "2022.06.22"]
[WhiteClock "0:01:11"]
[BlackClock "0:01:25"]

1. e4 c5 2. Nf3 d6 3. d4 cxd4 4. Nxd4 Nf6 5. Nc3 Nc6 6. Bg5 e6 7. Qd2 a6 8. O-O-O Bd7 9. f4 h6 10. Bh4 b5 11. Bxf6 gxf6 12. Kb1 Qb6 13. f5 h5 14. fxe6 fxe6 15. e5 Qxd4 16. Qxd4 Nxd4 17. Rxd4 dxe5 18. Rd1 Bc6 19. Bd3 f5 20. Rhe1 e4 21. Bf1 Bb4 22. Re3 Ke7 23. a3 Bc5 24. Rh3 h4 25. b4 Bd6 26. Ne2 Be5 27. Nd4 Bb7 28. Nb3 Rad8 29. Rxd8 Rxd8 30. Be2 Bf6 31. Nc5 Bc8 32. g3 Rd2 33. Bh5 e5 34. gxh4 f4 35. Nxe4 Rd4 36. Rc3 Rxe4 37. Rxc8 Re1+ 38. Ka2 e4 39. Rc6 Ra1+ 0-1


[Site "https://www.chess.com"]